 Dungeon Crawl Stone Soup version 0.19.4 (webtiles) character file.

63 JeffiDaFish the Stinger (level 3, 0/25 HPs)
             Began as a Demonspawn Venom Mage on Feb 2, 2017.
             Succumbed to an adder's poison
             ... on level 2 of the Dungeon.
             The game lasted 00:04:03 (1392 turns).

JeffiDaFish the Stinger (Demonspawn Venom Mage)     Turns: 1392, Time: 00:04:03

Health: 0/25       AC:  2    Str:  8    XL:     3   Next: 87%
Magic:  1/6        EV: 12    Int: 16    God:
Gold:   105        SH:  0    Dex: 14    Spells: 2 memorised, 3 levels left

rFire  . . .     SeeInvis .     i - +0 short sword
rCold  . . .     Gourm    .     a - +0 robe
rNeg   . . .     Faith    .     (no shield)
rPois  .         Spirit   .     (no helmet)
rElec  .         Reflect  .     (no cloak)
rCorr  .         Harm     .     (no gloves)
MR     .....                    (no boots)
Stlth  ++........               (no amulet)
                                (no ring)
                                (no ring)

@: lethally poisoned (0 -> -5)
A: hooves 1
a: no special abilities


You were on level 2 of the Dungeon.
You were not hungry.

You visited 1 branch of the dungeon, and saw 2 of its levels.

You collected 105 gold pieces.

Inventory:

Hand Weapons
 i - a +0 short sword (weapon)
Armour
 a - a +0 robe (worn)
Scrolls
 d - 3 scrolls of remove curse
 e - a scroll of blinking
Books
 b - a Young Poisoner's Handbook

   Spells                             Type                      Level
   a - Sting                          Conjuration/Poison           1
   b - Mephitic Cloud                 Conjuration/Poison/Air       3
   c - Olgreb's Toxic Radiance        Poison                       4
   d - Alistair's Intoxication        Transmutation/Poison         5
   e - Venom Bolt                     Conjuration/Poison           5
Comestibles
 c - 3 bread rations
 f - a meat ration
 g - a royal jelly


   Skills:
 + Level 0.4 Fighting
 + Level 0.3 Short Blades
 + Level 2.1 Dodging
 + Level 1.8 Stealth
 - Level 0.6 Unarmed Combat
 * Level 2.5 Spellcasting
 + Level 1.0 Conjurations
 + Level 0.1 Air Magic
 + Level 4.4 Poison Magic


You had 3 spell levels left.
You knew the following spells:

 Your Spells              Type           Power        Failure   Level  Hunger
a - Sting                 Conj/Pois      ##..         10%         1    #......
b - Mephitic Cloud        Conj/Pois/Air  #.......     28%         3    ###....


Dungeon Overview and Level Annotations

Branches:
Dungeon (2/15)

Altars:


Innate Abilities, Weirdness & Mutations

You have large cloven feet.


Message History

Aim: an adder The sting hits the adder.
The adder is poisoned.
The adder is heavily wounded.
* * * LOW HITPOINT WARNING * * *
You feel sick. The adder bites you but does no damage.
You aren't carrying any potions.
* * * LOW HITPOINT WARNING * * *
You feel sick.
You kill the adder!
Your Conjurations skill increases to level 1!
* * * LOW HITPOINT WARNING * * *
You feel sick.
You see here a scroll labeled BEUKUE TEBOKLU.
h - a scroll labeled BEUKUE TEBOKLU
* * * LOW HITPOINT WARNING * * *
You feel sick.
As you read the scroll labeled BEUKUE TEBOKLU, it crumbles to dust.
The scroll dissolves into smoke.
It was a scroll of fog.
Your magical contamination has completely faded away.
You die...

#.....#.#..).........#
##...###.#####........#
............##........#
..........#.##........#
####.###.##.##........#
###.###..#.##........#
...........##...††...#
####.###.####.§..§...#
#..........#§§@§....#
###+#...#.##.#.§§§§§..#
#.......#..# #§§§§§...#
........##.#.##########
...........#.#
#......#.#.#.#
.......#...#.#
#......##....#
#......##....#


There were no monsters in sight!

Vanquished Creatures
  3 adders (D:2)
  An ooze (D:2)
  A worm (D:2)
  2 dart slugs
  A leopard gecko (D:2)
  3 bats
  4 goblins (D:1)
  4 hobgoblins
  A jackal (D:2)
  3 frilled lizards
  A kobold (D:1)
  2 rats
26 creatures vanquished.

Notes
Turn   | Place    | Note
-------+----------+-------------------------------------------
     0 | D:1      | JeffiDaFish the Demonspawn Venom Mage began the quest for the Orb.
     0 | D:1      | Reached XP level 1. HP: 13/13 MP: 3/3
   149 | D:1      | Gained mutation: You have large cloven feet. [demonic ancestry]
   149 | D:1      | Reached XP level 2. HP: 19/19 MP: 1/5
  1047 | D:2      | Reached XP level 3. HP: 23/24 MP: 1/6
  1110 | D:2      | Learned a level 3 spell: Mephitic Cloud
  1387 | D:2      | Reached skill level 1 in Conjurations
  1390 | D:2      | HP: 1/25 [poisoned by an adder]
  1392 | D:2      | Succumbed to an adder's poison

Skill      XL: |  1  2  3 |
---------------+----------+-----
Dodging        | 2 |  2.1
Conjurations   | 1 |  1.0
Fighting       | |  0.4
Short Blades   | |  0.3
Stealth        | |  1.8
Unarmed Combat | |  0.6
Spellcasting   | |  2.5
Air Magic      | |  0.1
Poison Magic   | |  4.4

Action                   || total
-------------------------++-------
Melee: Unarmed           ||    28
       Short sword       ||    44
       Kick              ||    11
 Cast: Sting             ||    39
       Mephitic Cloud    ||     1
  Use: Scroll            ||     5
       Potion            ||     3
  Eat: Chunk             ||     2
Armor: Robe              ||    15
Dodge: Dodged            ||    57
